 Dungeon Crawl Stone Soup version 0.28-a0-769-g550dbda0cd (webtiles) character file.

Game seed: 4286614351355880132

1082 KoroneIsBestGirl the Skirmisher (level 8, -1/65 HPs)
             Began as a Barachi Fighter on Oct 31, 2021.
             Was an Initiate of Gozag.
             Killed from afar by Maggie (8 damage)
             ... with a bolt of fire
             ... on level 6 of the Dungeon.
             The game lasted 00:07:10 (7219 turns).

KoroneIsBestGirl the Skirmisher (Barachi Fighter)   Turns: 7219, Time: 00:07:11

Health: -1/65      AC:  9    Str: 20    XL:     8   Next: 30%
Magic:  0/8        EV: 11    Int:  8    God:    Gozag
Gold:   277        SH:  5    Dex: 12    Spells: 5/7 levels left

rFire   . . .      SeeInvis .   x - +6 long sword
rCold   . . .      Faith    .   c - +0 buckler
rNeg    . . .      Spirit   +   b - +0 scale mail
rPois   .          Reflect  .   (no helmet)
rElec   .          Harm     .   (no cloak)
rCorr   .          Rampage  .   h - +1 pair of gloves
Will    .....                   (no boots)
Stlth   ..........              p - amulet of guardian spirit
HPRegen 0.20/turn               (no ring)
MPRegen 0.11/turn               (no ring)

@: mighty, mesmerised, slow
A: amphibious, slowness 1, strong legs 1, +LOS
a: Hop, Renounce Religion, Potion Petition, Call Merchant, Bribe Branch


You were on level 6 of the Dungeon.
You worshipped Gozag.
Gozag was aware of your devotion.
You visited 2 branches of the dungeon, and saw 7 of its levels.

You collected 309 gold pieces.
You paid 32 gold pieces to Gozag.

Inventory:

Hand Weapons
 x - a +6 long sword (weapon)
Armour
 b - a +0 scale mail (worn)
 c - a +0 buckler (worn)
 h - a +1 pair of gloves (worn)
 k - a +0 kite shield
Jewellery
 p - an amulet of guardian spirit (around neck)
 u - an amulet of the acrobat
Scrolls
 e - 3 scrolls of identify {unknown}
 f - a scroll of vulnerability {unknown}
 g - 2 scrolls of teleportation {unknown}
 i - 2 scrolls of brand weapon {unknown}
 j - a scroll of amnesia {unknown}
 l - a scroll of magic mapping {unknown}
 m - a scroll of noise {unknown}
 n - a scroll of torment {unknown}
 s - 2 scrolls of enchant weapon {unknown}
Potions
 o - a potion of lignification
 q - 3 potions of haste {unknown}
 r - a potion of brilliance {unknown}
 t - a potion of heal wounds {unknown}
 v - a potion of mutation {unknown}
 w - a potion of curing {unknown}


   Skills:
 + Level 6.5 Fighting
 + Level 5.9 Long Blades
 - Level 5.0 Armour
 + Level 4.6 Dodging
 + Level 5.9 Shields


You had 5 spell levels left.
You knew the following spells:

 Your Spells              Type           Power      Damage    Failure   Level
a - Summon Small Mammal   Summ           0%         N/A       75%         1
b - Magic Dart            Conj           0%         1d3       75%         1

Your spell library contained the following spells:

 Spells                   Type           Power      Damage    Failure   Level
 Sting                    Tmut/Pois      0%         1d3       75%         1
 Corpse Rot               Necr/Air       0%         N/A       87%         2
 Poisonous Vapours        Pois/Air       0%         N/A       87%         2
 Searing Ray              Conj           0%         2d4       87%         2
 Call Canine Familiar     Summ           0%         N/A       98%         3
 Summon Guardian Golem    Hex/Summ       0%         N/A       98%         3
 Dispel Undead            Necr           0%         3d6       100%        4
 Fulminant Prism          Conj/Hex       0%         3d6       100%        4
 Olgreb's Toxic Radiance  Pois           0%         N/A       100%        4
 Death Channel            Necr           0%         N/A       100%        6


Dungeon Overview and Level Annotations

Branches:
Dungeon (6/15)             Temple (1/1) D:4

Altars:
Ashenzari
Cheibriados
Elyvilon
Fedhas
Gozag
Hepliaklqana
Makhleb
Nemelex Xobeh
Okawaru
Qazlal
Ru
Sif Muna
Uskayaw
Wu Jian
Xom
Zin

Shops:
D:3 !

Annotations:
D:6 2 transporters, Maggie


Innate Abilities, Weirdness & Mutations

You are amphibious.
You cover ground slowly.
You can hop short distances.
You have an extended range of vision and can be seen from far away.


Message History

Maggie points at you and mumbles some strange words.
The bolt of fire hits you!!
You are too injured to fight recklessly!
You are too injured to fight recklessly!
You are too injured to fight recklessly!
You are too injured to fight recklessly!
You are too injured to fight recklessly!
You are too injured to fight recklessly!
You are too injured to fight recklessly!
You are too injured to fight recklessly!
You are too injured to fight recklessly!
You are too injured to fight recklessly!
You are too injured to fight recklessly!
You are too injured to fight recklessly!
You are too injured to fight recklessly!
Unknown command.
Maggie points at you and mumbles some strange words.
The bolt of fire misses you.
You slash Maggie!
Maggie is lightly wounded.
Maggie hits you with a +3 vorpal long sword!
* * * LOW HITPOINT WARNING * * *
x2 You barely miss Maggie.
Maggie is lightly wounded.
Maggie casts a spell.
Maggie attempts to bespell you!
You are mesmerised by Maggie!
Maggie hits you with a +3 vorpal long sword.
* * * LOW HITPOINT WARNING * * *
x2 You feel very mighty all of a sudden.
Maggie barely misses you.
You slash Maggie!
Maggie is moderately wounded.
Maggie closely misses you.
You closely miss Maggie.
Maggie is moderately wounded.
Maggie casts a spell at you. The bolt of fire hits you!
You die...
Your body crumbles into a pile of gold.

# .. .. .# .#
#####..#.#.
########.........#
#.....$..@@......#
#
#.#####........).#
#.##.#
#..........#
#.#).#
#..........#
#...<#
##.........#
#.#.## #.........#
#.#.# #.........#
#.#.# #.........#
#.#.# ######.####


You could see Maggie (mesmerising).

Vanquished Creatures
  An orc warrior (D:6)
  A black bear (D:5)
  A centaur (D:5)
  2 scorpions (D:5)
  A water moccasin skeleton (D:6)
  4 wights
  A howler monkey (D:6)
  2 hounds (D:4)
  A jelly (D:4)
  A centaur skeleton (D:4)
  2 orc priests
  A bullfrog skeleton (D:5)
  3 iguanas
  An orc wizard (D:6)
  A killer bee zombie (D:5)
  A hound skeleton (D:4)
  3 adders
  An adder skeleton (D:4)
  2 dart slugs
  8 orcs
  7 bats
  4 endoplasms
  4 goblins
  4 hobgoblins
  15 jackals
  6 kobolds
  8 quokkas
  8 ball pythons
  4 frilled lizards
  3 rats
101 creatures vanquished.

Notes
Turn   | Place    | Note
-------+----------+-------------------------------------------
     0 | D:1      | KoroneIsBestGirl the Barachi Fighter began the quest for
                  | the Orb.
     0 | D:1      | Reached XP level 1. HP: 18/18 MP: 1/1
   240 | D:1      | Reached XP level 2. HP: 3/25 MP: 2/2
   518 | D:1      | Learned a level 1 spell: Summon Small Mammal
   862 | D:1      | Reached XP level 3. HP: 25/30 MP: 3/3
  1481 | D:2      | Reached skill level 4 in Fighting
  1774 | D:2      | Found a faded altar of an unknown god.
  1914 | D:2      | You fall into a shaft and drop 1 floor!
  1963 | D:3      | Reached skill level 1 in Dodging
  2005 | D:3      | Reached XP level 4. HP: 25/37 MP: 4/4
  2315 | D:3      | Found a sparkling altar of Nemelex Xobeh.
  2546 | D:3      | Found Ekusk's Distillery.
  2999 | D:3      | Found an ornate altar of the Wu Jian Council.
  3000 | D:3      | Found a white marble altar of Elyvilon.
  3156 | D:4      | Reached XP level 5. HP: 39/43 MP: 5/5
  3336 | D:4      | Found a burning altar of Makhleb.
  3424 | D:4      | Found a staircase to the Ecumenical Temple.
  3449 | D:4      | Reached XP level 6. HP: 22/49 MP: 6/6
  3452 | Temple   | Entered the Ecumenical Temple
  3690 | Temple   | Became a worshipper of Gozag Ym Sagoz the Greedy
  3737 | D:4      | Learned a level 1 spell: Magic Dart
  3962 | D:5      | Entered Level 5 of the Dungeon
  4113 | D:5      | Reached skill level 5 in Armour
  4122 | D:5      | Reached skill level 5 in Fighting
  4606 | D:5      | Reached XP level 7. HP: 26/56 MP: 7/7
  4969 | D:4      | HP: 1/51 [poisoned by a wight]
  5578 | D:5      | Reached skill level 5 in Shields
  5785 | D:5      | Reached skill level 5 in Long Blades
  6637 | D:4      | Reached skill level 6 in Fighting
  6838 | D:6      | Found a transporter.
  6852 | D:6      | Found a transporter.
  6983 | D:6      | Reached XP level 8. HP: 60/63 MP: 8/8
  7026 | D:5      | Noticed a rust devil
  7026 | D:5      | Noticed a rust devil
  7210 | D:6      | Noticed Maggie
  7219 | D:6      | Killed from afar by Maggie

Illustrated notes

Levels and vault maps discovered:
D:1:      evilmike_arrival_rings, layout_loops_ring
D:2:      layout_basic, shapermc_ecumenical_altar_flowoftime
D:3:      layout_loops_corners, lemuel_coloured_pillars_altar,
          mainiacjoe_overflow_divided_tiny, serial_shops, shop
D:4:      layout_rooms, mainiacjoe_overflow_concentric_impassable,
          minmay_temple_entry_sparse_star
D:5:      cheibrodos_iron_armory, layout_basic, minivault_4,
          minmay_misc_feat_tower
D:6:      gammafunk_steamed_eel, layout_loops_ring, uniq_maggie
Temple:   regret_index_temple_sphere_string

Skill      XL: |  1  2  3  4  5  6  7 |
---------------+----------------------+-----
Armour         | 4 5 |  5.0
Long Blades    | 3 4 5 |  5.9
Fighting       | 4 5 6 |  6.5
Dodging        | 1 2 3 4 |  4.6
Shields        | 4 5 |  5.9

Action                   |  1- 3 |  4- 6 |  7- 9 || total
-------------------------+-------+-------+-------++-------
Melee: Long sword        |   140 |   134 |    97 ||   371
  Use: Potion            |       |     3 |     1 ||     4
 Stab: Distracted        |       |       |     1 ||     1
Armor: Scale mail        |   123 |    71 |    28 ||   222
       Skin              |       |    10 |     2 ||    12
Dodge: Dodged            |    89 |    86 |    62 ||   237
Block: Buckler           |    44 |    41 |    19 ||   104

Table legend: (Time is in decaauts)
 A = Elapsed time spent in this place.
 B = Non-inter-level travel time spent in this place.
 C = Inter-level travel time spent in this place.
 D = Time resting spent in this place.
 E = Time spent auto-exploring this place.
 F = Levels seen in this place.
 G = Mean time per level.
                   A        B        C        D        E       F      G
               +--------+--------+--------+--------+--------+-----+--------+
         Total |   8029 |   7474 |    555 |    846 |   5616 |   7 | 1147.0 |
       Dungeon |   7199 |   6668 |    531 |    292 |   5381 |   6 | 1199.8 |
        Temple |    829 |    805 |     24 |    554 |    235 |   1 |  829.0 |
               +--------+--------+--------+--------+--------+-----+--------+

Top non-repeatable levels by time:
     D:5: 1892 daAuts
     D:1: 1485 daAuts
     D:3: 1411 daAuts
     D:4: 1235 daAuts
  Temple: 829 daAuts
     D:2: 698 daAuts
     D:6: 476 daAuts
